[Event "ICC tourney 2743 (40 10)"]
[Site "Internet Chess Club"]
[Date "2021.11.20"]
[Round "2"]
[White "ERENBURG, SERGEY:helavir"]
[Black "PARK, EVAN:espark"]
[Result "0-1"]
[ICCResult "White resigns"]
[WhiteElo "2569"]
[BlackElo "2234"]
[Opening "Ruy Lopez: Classical defense deferred"]
[ECO "C70"]
[NIC "RL.09"]
[Time "13:15:59"]
[PlyCount "88"]
[TimeControl "2400+10"]

1. e4 e5 2. Nf3 Nc6 3. Bb5 a6 4. Ba4 Bc5 5. c3 Nge7 6. d4 exd4 7. cxd4 Bb4+
8. Bd2 Bxd2+ 9. Qxd2 d5 10. exd5 Nxd5 11. Bxc6+ bxc6 12. O-O O-O 13. Ne5 Ne7
14. Rc1 Qd6 15. Nc3 Rd8 16. Rd1 Bf5 17. Na4 Ng6 18. Nxg6 Qxg6 19. Nc5 Be4
20. Nxe4 Qxe4 21. Rac1 Rd6 22. Rc3 Rad8 23. Re3 Qd5 24. Qe2 h6 25. b3 c5 26.
Re5 Qc6 27. d5 Rxd5 28. Rexd5 Rxd5 29. Rxd5 Qxd5 30. Qxa6 Qd1+ 31. Qf1 Qc2
32. Qa1 c4 33. bxc4 Qxc4 34. a4 c5 35. a5 Qa6 36. h3 c4 37. Qa3 Qc8 38. Kf1
c3 39. Ke2 Qc4+ 40. Ke3 f5 41. f3 f4+ 42. Kf2 c2 43. Qc1 Qd4+ 44. Ke2 Qe3+
{White resigns}
0-1

[Event "ICC tourney 2743 (40 10)"]
[Site "Internet Chess Club"]
[Date "2021.11.20"]
[Round "2"]
[White "YAN, RUIYANG:jy2020"]
[Black "Chakrabarti, Brejesh:Kochi222"]
[Result "1-0"]
[ICCResult "Black checkmated"]
[WhiteElo "2160"]
[BlackElo "2016"]
[Opening "Sicilian: dragon, Yugoslav attack, Rauser variation"]
[ECO "B76"]
[NIC "SI.17"]
[Time "13:15:50"]
[PlyCount "127"]
[TimeControl "2400+10"]

1. e4 c5 2. Nf3 d6 3. d4 cxd4 4. Nxd4 Nf6 5. Nc3 g6 6. Be3 Bg7 7. f3 Nc6 8.
Qd2 O-O 9. O-O-O d5 10. exd5 Nxd5 11. Nxc6 bxc6 12. Bd4 e5 13. Bc5 Re8 14.
Ne4 Be6 15. h4 h6 16. h5 g5 17. c4 Nb6 18. Qc2 Qc7 19. g4 Red8 20. Be2 Rxd1+
21. Rxd1 Nd7 22. Bd6 Qa5 23. Kb1 Re8 24. Bd3 Qb6 25. Qb3 Qxb3 26. axb3 f5
27. gxf5 Bxf5 28. Nf6+ Nxf6 29. Bxf5 Rd8 30. Kc1 Nxh5 31. Bc5 Rxd1+ 32. Kxd1
Nf4 33. Bxa7 Bf8 34. c5 Kf7 35. Be4 Ne6 36. b4 Nd4 37. Bb8 Ke6 38. Ke1 h5
39. Kf2 g4 40. fxg4 hxg4 41. Kg3 Bh6 42. b5 Kd7 43. b6 Kc8 44. Bxe5 Nb3 45.
Bxc6 Nxc5 46. Bd4 Nb7 47. Kxg4 Bf8 48. Kf5 Bd6 49. Ke6 Bh2 50. Kd5 Kb8 51.
Kc4 Na5+ 52. Kb5 Nxc6 53. Kxc6 Bg3 54. Bc5 Kc8 55. Bd6 Bxd6 56. Kxd6 Kb7 57.
Kc5 Kb8 58. Kc6 Kc8 59. b7+ Kb8 60. b3 Ka7 61. Kc7 Ka6 62. b8=Q Ka5 63. Kc6
Ka6 64. Qa8# {Black checkmated} 1-0

[Event "ICC tourney 2743 (40 10)"]
[Site "Internet Chess Club"]
[Date "2021.11.20"]
[Round "2"]
[White "YANG, KAIQI:YKQ"]
[Black "FILIPOVICH, DAVID MICHAEL:dmfcan"]
[Result "0-1"]
[ICCResult "White resigns"]
[WhiteElo "2531"]
[BlackElo "2050"]
[Opening "Beefeater defense"]
[ECO "A40"]
[NIC "QO.17"]
[Time "13:15:53"]
[PlyCount "72"]
[TimeControl "2400+10"]

1. d4 g6 2. c4 Bg7 3. Nc3 c5 4. d5 Bxc3+ 5. bxc3 f5 6. h4 Nf6 7. h5 Rg8 8.
hxg6 hxg6 9. Nh3 Qa5 10. Bd2 d6 11. Ng5 Nbd7 12. Qb3 Nb6 13. g3 Qa4 14. e3
Bd7 15. Ne6 Bxe6 16. dxe6 O-O-O 17. Rb1 Rh8 18. Bg2 Rxh1+ 19. Bxh1 Ne4 20.
Qxa4 Nxa4 21. f3 Rh8 22. Bg2 Rh2 23. fxe4 Rxg2 24. exf5 gxf5 25. Rb3 Nb6 26.
e4 Rxg3 27. exf5 Rf3 28. Bg5 Rxf5 29. Bxe7 Re5+ 30. Kf2 Rxe6 31. Bg5 Nxc4
32. Rb1 Kc7 33. Rh1 Kc6 34. Rh7 a5 35. Bd8 b5 36. Rc7+ Kd5 {White resigns}
0-1

[Event "ICC tourney 2743 (40 10)"]
[Site "Internet Chess Club"]
[Date "2021.11.20"]
[Round "2"]
[White "TANG, ZOEY:WonderZ"]
[Black "LIANG, YU-CHENG:Yucheng"]
[Result "1/2-1/2"]
[ICCResult "Game drawn by repetition"]
[WhiteElo "2081"]
[BlackElo "2026"]
[Opening "Trompowsky attack (Ruth, Opocenský opening)"]
[ECO "A45"]
[NIC "QP.07"]
[Time "13:15:48"]
[PlyCount "102"]
[TimeControl "2400+10"]

1. d4 Nf6 2. Bg5 e6 3. e4 h6 4. Bxf6 Qxf6 5. c3 d5 6. Bd3 c5 7. Nf3 dxe4 8.
Bxe4 cxd4 9. O-O Nc6 10. cxd4 Bd6 11. Nc3 O-O 12. Bxc6 bxc6 13. Ne4 Qe7 14.
Nxd6 Qxd6 15. Rc1 Ba6 16. Re1 Rab8 17. b3 Rfd8 18. Ne5 Bb7 19. Qh5 Qe7 20.
Red1 Rd5 21. Qg4 Rbd8 22. Nxc6 Bxc6 23. Rxc6 e5 24. h3 Rxd4 25. Rxd4 Rxd4
26. Qf5 g6 27. Qc2 Kg7 28. Qc3 f6 29. Kh2 Rd7 30. b4 Qd8 31. a4 Qb8 32. b5
h5 33. Rc8 Qd6 34. Qc5 Qxc5 35. Rxc5 Kf7 36. a5 Ke6 37. Kg3 Rd5 38. Rc6+ Kf5
39. Rc7 Rxb5 40. Rxa7 Rb3+ 41. f3 Ra3 42. Kh2 e4 43. fxe4+ Kxe4 44. a6 h4
45. Ra8 Ra1 46. Rg8 Kf5 47. Ra8 Kf4 48. Ra7 Kg5 49. Ra8 Kf4 50. Ra7 Kg5 51.
Ra8 Kf4 {Game drawn by repetition} 1/2-1/2

[Event "ICC tourney 2743 (40 10)"]
[Site "Internet Chess Club"]
[Date "2021.11.20"]
[Round "2"]
[White "SHAWKAT, SAIF:saif-shawkat"]
[Black "TANG, AUSTIN:Mrpeetapizza"]
[Result "1-0"]
[ICCResult "Black resigns"]
[WhiteElo "1949"]
[BlackElo "2034"]
[Opening "Sicilian: Richter-Rauzer"]
[ECO "B60"]
[NIC "SI.27"]
[Time "13:15:48"]
[PlyCount "129"]
[TimeControl "2400+10"]

1. e4 c5 2. Nf3 d6 3. d4 cxd4 4. Nxd4 Nf6 5. Nc3 Nc6 6. Bg5 Qb6 7. Nb3 e6 8.
Qd2 Be7 9. f3 O-O 10. O-O-O Rd8 11. Nb5 Rd7 12. Be3 Qd8 13. N5d4 e5 14. Nf5
d5 15. Nxe7+ Nxe7 16. Bb5 Rc7 17. Kb1 a6 18. Qa5 d4 19. c3 Be6 20. Be2 Nc6
21. Qa3 Bxb3 22. Qxb3 Rd7 23. cxd4 Nxd4 24. Bxd4 exd4 25. e5 Re7 26. f4 Ne4
27. Qf3 Nc5 28. Rhe1 Rc8 29. Bd3 Qb6 30. Bxh7+ Kf8 31. Bf5 Rd8 32. Qh3 Qh6
33. Qxh6 gxh6 34. Bg4 Rc7 35. Re2 d3 36. Red2 Ne4 37. Rxd3 Rxd3 38. Rxd3 Nf2
39. Rd8+ Ke7 40. Rc8 Rxc8 41. Bxc8 Nd3 42. g3 Nc5 43. b4 Nd3 44. a3 a5 45.
Kc2 Nf2 46. Bf5 axb4 47. axb4 h5 48. h3 Nh1 49. g4 hxg4 50. Bxg4 Nf2 51. Bf5
Nh1 52. Be4 Ng3 53. Bxb7 Ne2 54. Be4 Nxf4 55. h4 Ke6 56. b5 Kxe5 57. b6 Kd6
58. Kc3 f5 59. Bf3 Ne6 60. Kc4 Nf8 61. h5 Nd7 62. Kb5 Nxb6 63. h6 Nd7 64. h7
Ne5 65. Bh5 {Black resigns} 1-0

[Event "ICC tourney 2743 (40 10)"]
[Site "Internet Chess Club"]
[Date "2021.11.20"]
[Round "3"]
[White "Fawzy, Adham:domti"]
[Black "MARTINEZ ALCANTARA, JOSE:josechess99"]
[Result "1/2-1/2"]
[ICCResult "Game drawn by repetition"]
[WhiteElo "2542"]
[BlackElo "2702"]
[Opening "English: symmetrical, Botvinnik system"]
[ECO "B20"]
[NIC "EO.30"]
[Time "15:30:41"]
[PlyCount "89"]
[TimeControl "2400+10"]

1. e4 c5 2. c4 Nc6 3. Nc3 g6 4. g3 Bg7 5. Bg2 d6 6. Nge2 e6 7. d3 Nge7 8.
O-O O-O 9. Be3 Nd4 10. Qd2 Rb8 11. Bh6 Nxe2+ 12. Nxe2 Bxh6 13. Qxh6 b5 14.
b3 Nc6 15. Qd2 e5 16. f4 b4 17. f5 f6 18. g4 g5 19. h4 h6 20. Kf2 Kf7 21.
Rh1 Ke7 22. hxg5 hxg5 23. Rh7+ Rf7 24. Rah1 Qg8 25. Rh8 Qg7 26. Ng3 Bd7 27.
R8h6 Rg8 28. Qe1 Qf8 29. Rh7 Be8 30. R1h6 Rxh7 31. Rxh7+ Rg7 32. Qh1 Rxh7
33. Qxh7+ Bf7 34. Bf3 Nb8 35. Nf1 Qd8 36. Ne3 Ke8 37. Nd5 Bxd5 38. exd5 Nd7
39. Qg6+ Ke7 40. Qg7+ Ke8 41. Qg6+ Ke7 42. Qg7+ Ke8 43. Qg6+ Ke7 44. Qg7+
Ke8 45. Qg6+ {Game drawn by repetition} 1/2-1/2

[Event "ICC tourney 2743 (40 10)"]
[Site "Internet Chess Club"]
[Date "2021.11.20"]
[Round "3"]
[White "Wan, Caleb:chess-caleb"]
[Black "YANG, KAIQI:YKQ"]
[Result "0-1"]
[ICCResult "White resigns"]
[WhiteElo "2028"]
[BlackElo "2531"]
[Opening "Sicilian: Nimzovich-Rubinstein variation"]
[ECO "B29"]
[NIC "SI.43"]
[Time "15:30:54"]
[PlyCount "48"]
[TimeControl "2400+10"]

1. e4 c5 2. Nf3 Nf6 3. Nc3 d5 4. e5 Nfd7 5. d4 e6 6. Be2 Nc6 7. O-O cxd4 8.
Nxd4 Ndxe5 9. Nb3 Be7 10. f4 Nc4 11. Kh1 O-O 12. a3 Bf6 13. Bf3 Ne7 14. Qd3
Bd7 15. Rd1 Rc8 16. Nd2 Nd6 17. Nf1 Qc7 18. Rb1 Bxc3 19. bxc3 Qxc3 20. Be3
b6 21. Bd2 Qxd3 22. cxd3 Ba4 23. Re1 Bc2 24. Bb4 Rfd8 {White resigns} 0-1

[Event "ICC tourney 2743 (40 10)"]
[Site "Internet Chess Club"]
[Date "2021.11.20"]
[Round "3"]
[White "FILIPOVICH, DAVID MICHAEL:dmfcan"]
[Black "MATINIAN, NIKITA:gannikus1992"]
[Result "0-1"]
[ICCResult "White resigns"]
[WhiteElo "2050"]
[BlackElo "2504"]
[Opening "Réti: King's Indian attack"]
[ECO "A05"]
[NIC "QP.11"]
[Time "15:30:47"]
[PlyCount "60"]
[TimeControl "2400+10"]

1. Nf3 Nf6 2. g3 g6 3. Bg2 Bg7 4. O-O O-O 5. d4 d6 6. b3 a5 7. Bb2 a4 8. c4
c6 9. Nbd2 a3 10. Bc3 Bf5 11. Nh4 Bd7 12. e4 Na6 13. e5 Ng4 14. h3 dxe5 15.
d5 Nh6 16. Qe2 f6 17. f4 exf4 18. gxf4 Qb6+ 19. Kh1 Rae8 20. Rae1 Nb4 21.
dxc6 Bxc6 22. Ne4 Na6 23. f5 g5 24. Nxg5 fxg5 25. Qe6+ Rf7 26. Bxg7 Bxg2+
27. Nxg2 Qxe6 28. Rxe6 Kxg7 29. f6+ Kg8 30. Rfe1 Nc7 {White resigns} 0-1

[Event "ICC tourney 2743 (40 10)"]
[Site "Internet Chess Club"]
[Date "2021.11.20"]
[Round "3"]
[White "HEBDEN, MARK L:mhebden"]
[Black "HO, CARTER:corviknight"]
[Result "1-0"]
[ICCResult "Black resigns"]
[WhiteElo "2505"]
[BlackElo "1920"]
[Opening "QGD Slav: 4.e3"]
[ECO "D11"]
[NIC "QP.08"]
[Time "15:30:48"]
[PlyCount "58"]
[TimeControl "2400+10"]

1. d4 d5 2. Nf3 Nf6 3. c4 c6 4. e3 g6 5. Nc3 Bg7 6. Be2 O-O 7. O-O dxc4 8.
a4 Bg4 9. h3 Bxf3 10. Bxf3 Nbd7 11. Qe2 e5 12. Qxc4 exd4 13. exd4 Nb6 14.
Qb4 Qd7 15. Bg5 Nbd5 16. Qb3 Rad8 17. Nxd5 cxd5 18. Rac1 h6 19. Bf4 Rc8 20.
Be5 Ne4 21. Rfd1 Rfe8 22. Rxc8 Rxc8 23. Bxe4 dxe4 24. Bxg7 Kxg7 25. d5 Qf5
26. Qxb7 Rc2 27. Qxa7 Rxb2 28. d6 e3 29. Qd4+ Qf6 {Black resigns} 1-0

[Event "ICC tourney 2743 (40 10)"]
[Site "Internet Chess Club"]
[Date "2021.11.20"]
[Round "3"]
[White "LIANG, YU-CHENG:Yucheng"]
[Black "MATIAS PEREIRA, JULIANO RESENDE:JMatias"]
[Result "0-1"]
[ICCResult "White resigns"]
[WhiteElo "2026"]
[BlackElo "2250"]
[Opening "Nimzo-Indian: 4.e3, main line with ...c5"]
[ECO "E53"]
[NIC "NI.05"]
[Time "15:31:31"]
[PlyCount "144"]
[TimeControl "2400+10"]

1. d4 Nf6 2. c4 e6 3. Nc3 Bb4 4. e3 O-O 5. Bd3 c5 6. Nf3 d5 7. O-O cxd4 8.
exd4 dxc4 9. Bxc4 Bxc3 10. bxc3 Qc7 11. Qe2 Nbd7 12. Bd2 b6 13. Rac1 Bb7 14.
Bd3 Rfe8 15. Rfe1 h6 16. Ne5 Nxe5 17. Qxe5 Qxe5 18. Rxe5 Rac8 19. c4 Red8
20. Bc3 Rc7 21. Re2 Rdc8 22. Rec2 Be4 23. Bxe4 Nxe4 24. Bb2 b5 25. c5 Rc6
26. f3 Nf6 27. Kf2 Kf8 28. Ba1 Nd5 29. a3 Ra6 30. Rb2 Ra5 31. Rb3 a6 32. Bb2
Ra4 33. g3 Ke7 34. Ke2 Kd7 35. Kd3 Kc6 36. Rb1 Rd8 37. Ke2 h5 38. h4 g6 39.
Re1 Rc4 40. Rc1 Rxc1 41. Bxc1 Rb8 42. Bd2 Ra8 43. Ba5 Ne7 44. g4 Kd5 45. Kd3
Nc6 46. Bc3 hxg4 47. fxg4 Rh8 48. a4 Rxh4 49. axb5 axb5 50. Rxb5 Rxg4 51.
Rb7 Rg3+ 52. Kd2 Kc4 53. Ba1 Rf3 54. Rb6 Nxd4 55. Bxd4 Kxd4 56. c6 Rd3+ 57.
Ke2 Rc3 58. Rb7 f5 59. Rg7 Rxc6 60. Rxg6 Ke4 61. Rh6 Ra6 62. Rh8 Ra2+ 63.
Kf1 f4 64. Rb8 e5 65. Rb4+ Kf3 66. Rb3+ Kg4 67. Rb4 Kg3 68. Rb8 e4 69. Ke1
e3 70. Kf1 Kf3 71. Rb1 Rf2+ 72. Ke1 Rh2 {White resigns} 0-1

[Event "ICC tourney 2743 (40 10)"]
[Site "Internet Chess Club"]
[Date "2021.11.20"]
[Round "3"]
[White "SHEEHAN, ETHAN THOMAS:Chessking2008"]
[Black "LIU, ERIC CHANG:el008"]
[Result "1-0"]
[ICCResult "Black resigns"]
[WhiteElo "2194"]
[BlackElo "1946"]
[Opening "Réti opening"]
[ECO "A06"]
[NIC "QP.09"]
[Time "15:31:31"]
[PlyCount "101"]
[TimeControl "2400+10"]

1. Nf3 d5 2. e3 Nf6 3. c4 e6 4. Nc3 Be7 5. d4 b6 6. cxd5 Nxd5 7. Nxd5 Qxd5
8. Qc2 Bb4+ 9. Bd2 Bxd2+ 10. Nxd2 c6 11. Bd3 Ba6 12. Be4 Qb5 13. O-O-O Ke7
14. Kb1 Bb7 15. Rc1 Rc8 16. Qc3 Nd7 17. Qa3+ Ke8 18. Nc4 Qa6 19. Nd6+ Kd8
20. Nxf7+ Ke8 21. Nd6+ Kd8 22. Qxa6 Bxa6 23. Nxc8 Rxc8 24. Rxc6 Bd3+ 25.
Bxd3 Rxc6 26. Rc1 Rxc1+ 27. Kxc1 h6 28. Kd2 Ke7 29. f4 g5 30. fxg5 hxg5 31.
e4 e5 32. Ke3 Kd6 33. Be2 Nf6 34. h3 Nd7 35. g3 Nf6 36. Bg4 a6 37. Bc8 a5
38. h4 g4 39. Bf5 b5 40. Kd3 b4 41. b3 Nh5 42. Bxg4 Nxg3 43. Bf3 exd4 44.
Kxd4 Nf1 45. e5+ Ke6 46. Bg4+ Ke7 47. h5 Nd2 48. h6 Kf8 49. e6 Nb1 50. h7
Kg7 51. e7 {Black resigns} 1-0

[Event "ICC tourney 2743 (40 10)"]
[Site "Internet Chess Club"]
[Date "2021.11.20"]
[Round "3"]
[White "ALEKSANDROV, ALEKSEJ:Aleksandrov73"]
[Black "PARK, EVAN:espark"]
[Result "1-0"]
[ICCResult "Black checkmated"]
[WhiteElo "2584"]
[BlackElo "2234"]
[Opening "QGD: semi-Slav, Marshall gambit"]
[ECO "D31"]
[NIC "SL.06"]
[Time "15:30:44"]
[PlyCount "53"]
[TimeControl "2400+10"]

1. c4 e6 2. Nc3 d5 3. d4 c6 4. e4 dxe4 5. Nxe4 Bb4+ 6. Bd2 Qxd4 7. Bxb4
Qxe4+ 8. Be2 Na6 9. Bc3 Qxg2 10. Qd6 e5 11. Qxe5+ Ne7 12. O-O-O Be6 13. Nf3
Nf5 14. Rhg1 Qxf2 15. Ng5 Nc5 16. Nxe6 Nxe6 17. Rdf1 Qe3+ 18. Qxe3 Nxe3 19.
Rf3 f6 20. Rxe3 Kf7 21. Bh5+ g6 22. Rf1 gxh5 23. Rxf6+ Ke7 24. Rfxe6+ Kd7
25. Re7+ Kd6 26. b4 a5 27. R3e6# {Black checkmated} 1-0

[Event "ICC tourney 2743 (40 10)"]
[Site "Internet Chess Club"]
[Date "2021.11.20"]
[Round "3"]
[White "LIU, PATRICK PEIJUN:JunlinTheWorld"]
[Black "TANG, ZOEY:WonderZ"]
[Result "1/2-1/2"]
[ICCResult "Game drawn by mutual agreement"]
[WhiteElo "1989"]
[BlackElo "2081"]
[Opening "King's Indian: East Indian defense"]
[ECO "A48"]
[NIC "QP.06"]
[Time "15:30:42"]
[PlyCount "81"]
[TimeControl "2400+10"]

1. d4 Nf6 2. Nf3 g6 3. Nbd2 d5 4. b4 Bg7 5. e3 a5 6. b5 c5 7. bxc6 Nxc6 8.
Bd3 O-O 9. O-O Nb4 10. a4 Nxd3 11. cxd3 Bf5 12. Qb3 Nd7 13. e4 dxe4 14. dxe4
Bg4 15. h3 Bxf3 16. Nxf3 Nc5 17. dxc5 Bxa1 18. e5 Qc7 19. Bf4 Qxc5 20. Rxa1
Qb4 21. Qxb4 axb4 22. Bd2 b3 23. Rb1 Rxa4 24. Rxb3 Rb8 25. Bb4 Kf8 26. Nd4
Rc8 27. Bc3 Rxc3 28. Rxc3 Rxd4 29. Rc8+ Kg7 30. Rc7 e6 31. Rxb7 g5 32. g3
Kg6 33. Kg2 h5 34. Rb8 Rd5 35. Rg8+ Kf5 36. Rf8 Rd7 37. Rh8 Kxe5 38. Rxh5
Kf6 39. Rh8 Rd2 40. h4 gxh4 41. Rxh4 {Game drawn by mutual agreement}
1/2-1/2

[Event "ICC tourney 2743 (40 10)"]
[Site "Internet Chess Club"]
[Date "2021.11.20"]
[Round "3"]
[White "BUENAVISTA, PROSPERO SILOS:perryb"]
[Black "Vittal, Sanjana:MCTS13"]
[Result "0-1"]
[ICCResult "White resigns"]
[WhiteElo "2031"]
[BlackElo "2042"]
[Opening "Queen's pawn, Mason variation, Steinitz counter-gambit"]
[ECO "D00"]
[NIC "QP.08"]
[Time "15:31:21"]
[PlyCount "88"]
[TimeControl "2400+10"]

1. d4 d5 2. Bf4 c5 3. c3 Nc6 4. Nf3 Nf6 5. e3 Qb6 6. Qb3 c4 7. Qc2 Bf5 8.
Qc1 e6 9. Nbd2 h6 10. Be2 Qd8 11. O-O b5 12. b3 Nh5 13. Bg3 Nxg3 14. hxg3
Be7 15. a4 a6 16. axb5 axb5 17. Qb2 Rb8 18. Ra6 Qc7 19. Rfa1 O-O 20. Nh4 Bh7
21. f4 Bd6 22. Nhf3 f6 23. Nh2 e5 24. dxe5 fxe5 25. Ndf3 Bc5 26. Qd2 Be4 27.
Kh1 exf4 28. gxf4 cxb3 29. Bd3 Ne7 30. Bxe4 dxe4 31. Nd4 Bxd4 32. Qxd4 Qc4
33. Ra7 Qxd4 34. cxd4 Nd5 35. Rb1 Rfc8 36. Nf1 b2 37. Rxb2 Rc1 38. Rf2 Nxe3
39. Kg1 b4 40. Raa2 b3 41. Rae2 Ng4 42. g3 Nxf2 43. Kxf2 Rxf1+ 44. Kxf1 b2
{White resigns}
0-1

[Event "ICC tourney 2743 (40 10)"]
[Site "Internet Chess Club"]
[Date "2021.11.20"]
[Round "3"]
[White "VAKHIDOV, JAKHONGIR:TjkTiger"]
[Black "IVANOV, ALEXANDER:marble"]
[Result "1-0"]
[ICCResult "Black resigns"]
[WhiteElo "2607"]
[BlackElo "2429"]
[Opening "English: closed system"]
[ECO "A25"]
[NIC "EO.20"]
[Time "15:31:31"]
[PlyCount "87"]
[TimeControl "2400+10"]

1. c4 e5 2. g3 Nc6 3. Nc3 g6 4. Bg2 Bg7 5. e3 Nf6 6. Nge2 O-O 7. O-O d6 8.
d4 exd4 9. exd4 Re8 10. h3 Ne7 11. g4 h5 12. f3 d5 13. c5 b6 14. Bf4 c6 15.
Re1 Ba6 16. Qa4 Bc4 17. Be5 bxc5 18. dxc5 Nd7 19. Bxg7 Kxg7 20. b3 Nxc5 21.
Qa3 Bxe2 22. Qxc5 Ba6 23. Na4 Ng8 24. Rxe8 Qxe8 25. Qc3+ Kh7 26. Re1 Qd8 27.
Qxc6 Qa5 28. Rd1 Rd8 29. gxh5 Be2 30. hxg6+ fxg6 31. Rd4 Qe1+ 32. Kh2 Bb5
33. Qb7+ Qe7 34. Nc5 Qxb7 35. Nxb7 Rf8 36. Rxd5 Bc6 37. Rd3 Nh6 38. Nd8 Ba8
39. Rd7+ Kh8 40. Ne6 Rc8 41. Nf4 Nf5 42. Nxg6+ Kg8 43. Ne7+ Nxe7 44. Rxe7
{Black resigns}
1-0

[Event "ICC tourney 2743 (40 10)"]
[Site "Internet Chess Club"]
[Date "2021.11.20"]
[Round "3"]
[White "CHUBAKOV, SULTAN:schubakov"]
[Black "YAN, RUIYANG:jy2020"]
[Result "0-1"]
[ICCResult "White resigns"]
[WhiteElo "2025"]
[BlackElo "2160"]
[Opening "Catalan: closed, 5.Nf3"]
[ECO "E06"]
[NIC "CA.04"]
[Time "15:31:07"]
[PlyCount "92"]
[TimeControl "2400+10"]

1. d4 Nf6 2. c4 e6 3. Nf3 d5 4. g3 Be7 5. Bg2 O-O 6. O-O c6 7. Nbd2 b6 8.
Qc2 Bb7 9. e4 Na6 10. a3 Rc8 11. e5 Nd7 12. cxd5 cxd5 13. Qb3 Nc7 14. Re1 b5
15. Bf1 Rb8 16. Qd1 Nb6 17. Nb1 a5 18. h4 b4 19. a4 b3 20. Qxb3 Ba6 21. Qc2
Bxf1 22. Rxf1 Na6 23. Nc3 Nb4 24. Qd1 Rc8 25. Bg5 h6 26. Bxe7 Qxe7 27. Qe2
Rc4 28. Rfc1 Rfc8 29. Nd2 Rxd4 30. Nb5 Rxc1+ 31. Rxc1 Rd3 32. Rc7 Qd8 33.
Qh5 Nd7 34. Nf3 Na6 35. Rc1 Nac5 36. Nfd4 Qf8 37. Qe2 f6 38. exf6 Qxf6 39.
Nc6 Ne4 40. Rc2 Ndc5 41. Nxa5 Nxg3 42. fxg3 Rxg3+ 43. Kh1 Qxh4+ 44. Qh2 Rh3
45. Qxh3 Qxh3+ 46. Kg1 Qg3+ {White resigns} 0-1

[Event "ICC tourney 2743 (40 10)"]
[Site "Internet Chess Club"]
[Date "2021.11.20"]
[Round "3"]
[White "FANG, JADEN:SaltyCarrot777"]
[Black "Chakrabarti, Brejesh:Kochi222"]
[Result "1-0"]
[ICCResult "Black checkmated"]
[WhiteElo "2048"]
[BlackElo "2016"]
[Opening "Grünfeld: exchange, Spassky variation"]
[ECO "D87"]
[NIC "GI.05"]
[Time "15:30:45"]
[PlyCount "103"]
[TimeControl "2400+10"]

1. d4 Nf6 2. c4 g6 3. Nc3 d5 4. cxd5 Nxd5 5. e4 Nxc3 6. bxc3 Bg7 7. Bc4 O-O
8. Ne2 c5 9. O-O Nc6 10. Be3 Qa5 11. Rb1 a6 12. a4 e6 13. Qc2 Rd8 14. Rfd1
cxd4 15. cxd4 Qc7 16. Ba2 Qe7 17. d5 exd5 18. Bxd5 Be6 19. Bc5 Qd7 20. Bb6
Rdc8 21. Bxe6 Qxe6 22. Nf4 Qe5 23. Nd5 Kh8 24. f4 Qh5 25. Nc7 Rab8 26. Qc4
g5 27. Rd5 Qg4 28. Rxg5 Qxf4 29. Rf5 Qg4 30. Rbf1 Ne5 31. Qc2 Qg6 32. a5 Nd7
33. Bf2 Qd6 34. Bg3 Ne5 35. Rxf7 Qd4+ 36. Bf2 Qd8 37. Rxg7 Kxg7 38. Ne6+ Kg8
39. Bc5 Qd3 40. Qc1 Qxe4 41. Qg5+ Ng6 42. Qf6 Qe5 43. Qf7+ Kh8 44. Bd4 Qxd4+
45. Nxd4 Rf8 46. Qd7 Nf4 47. Qc7 Ng6 48. Ne6 Rxf1+ 49. Kxf1 Rg8 50. Qc3+ Ne5
51. Qxe5+ Rg7 52. Qxg7# {Black checkmated} 1-0

[Event "ICC tourney 2743 (40 10)"]
[Site "Internet Chess Club"]
[Date "2021.11.20"]
[Round "3"]
[White "Tanenbaum, Zachary:MasterZachary"]
[Black "SHAWKAT, SAIF:saif-shawkat"]
[Result "1-0"]
[ICCResult "Black resigns"]
[WhiteElo "2229"]
[BlackElo "1949"]
[Opening "Sicilian: Najdorf, Byrne (English) attack"]
[ECO "B90"]
[NIC "SI.14"]
[Time "15:30:43"]
[PlyCount "66"]
[TimeControl "2400+10"]

1. e4 c5 2. Nf3 d6 3. d4 cxd4 4. Nxd4 Nf6 5. Nc3 a6 6. Be3 e5 7. Nb3 Be7 8.
h3 h6 9. f4 Nbd7 10. Qe2 b5 11. O-O-O Bb7 12. fxe5 Nxe5 13. Bf4 Qc7 14. Kb1
Rc8 15. Nd4 b4 16. Nd5 Bxd5 17. exd5 Nxd5 18. Bxe5 dxe5 19. Nf5 Nf4 20. Qe4
O-O 21. Bxa6 Rb8 22. Rhe1 Bf6 23. Bc4 Qb7 24. Bd5 Nxd5 25. Rxd5 Qc7 26. Rf1
Rb6 27. Rd3 Rc8 28. Rdf3 Bg5 29. h4 Bd8 30. Rg3 Rg6 31. Rxg6 fxg6 32. Nxh6+
Kh7 33. Nf7 Qc4 {Black resigns} 1-0

[Event "ICC tourney 2743 (40 10)"]
[Site "Internet Chess Club"]
[Date "2021.11.20"]
[Round "3"]
[White "TANG, AUSTIN:Mrpeetapizza"]
[Black "Turcotte, Jonathan:JonnyTurgi"]
[Result "1/2-1/2"]
[ICCResult "Game drawn by mutual agreement"]
[WhiteElo "2034"]
[BlackElo "2000"]
[Opening "Caro-Kann: advance variation"]
[ECO "B12"]
[NIC "CK.04"]
[Time "15:30:41"]
[PlyCount "158"]
[TimeControl "2400+10"]

1. e4 c6 2. d4 d5 3. e5 Bf5 4. h4 h5 5. Nf3 e6 6. Bd3 Bxd3 7. Qxd3 c5 8. c3
Nc6 9. O-O Qb6 10. Na3 cxd4 11. cxd4 Nge7 12. Qb5 Nc8 13. Qxb6 Nxb6 14. Nb5
Rc8 15. Nc3 Bb4 16. Ne2 O-O 17. a3 Be7 18. Bg5 Rfe8 19. Bxe7 Rxe7 20. Rfc1
Rec7 21. b3 a5 22. a4 g6 23. Kf1 Nd7 24. Ke1 f6 25. exf6 Nxf6 26. Ng5 e5 27.
dxe5 Nxe5 28. Kd2 Ne4+ 29. Nxe4 dxe4 30. Rxc7 Rxc7 31. Rc1 Rd7+ 32. Ke3 Ng4+
33. Kxe4 Nxf2+ 34. Ke3 Ng4+ 35. Kf4 Rf7+ 36. Kg3 Re7 37. Nd4 Rd7 38. Nf3 Ne3
39. Rc5 b6 40. Rc6 Nf5+ 41. Kf4 Rd6 42. Rxd6 Nxd6 43. Ke5 Nf5 44. Kd5 Ne3+
45. Kc6 Nxg2 46. Kxb6 Nxh4 47. Nxh4 g5 48. Nf5 Kf7 49. Kxa5 Kf6 50. Ne3 g4
51. b4 g3 52. b5 h4 53. b6 h3 54. b7 g2 55. b8=Q g1=Q 56. Qf4+ Kg7 57. Nf5+
Kg6 58. Ne7+ Kg7 59. Nf5+ Kg6 60. Ne7+ Kg7 61. Qg3+ Qxg3 62. Nf5+ Kf6 63.
Nxg3 Kg5 64. Kb6 Kg4 65. Nh1 Kf3 66. a5 Kg2 67. a6 Kxh1 68. a7 Kg1 69. a8=Q
h2 70. Qg8+ Kh1 71. Qa2 Kg1 72. Qb1+ Kg2 73. Qc2+ Kg1 74. Qd1+ Kg2 75. Qe2+
Kg1 76. Qe3+ Kg2 77. Qe4+ Kg1 78. Qe3+ Kg2 79. Qg5+ Kh1
{Game drawn by mutual agreement}
1/2-1/2

[Event "ICC tourney 2743 (40 10)"]
[Site "Internet Chess Club"]
[Date "2021.11.20"]
[Round "4"]
[White "SHAWKAT, SAIF:saif-shawkat"]
[Black "LIANG, YU-CHENG:Yucheng"]
[Result "0-1"]
[ICCResult "White resigns"]
[WhiteElo "1949"]
[BlackElo "2026"]
[Opening "Caro-Kann: advance variation"]
[ECO "B12"]
[NIC "CK.04"]
[Time "17:45:13"]
[PlyCount "82"]
[TimeControl "2400+10"]

1. e4 c6 2. d4 d5 3. e5 Bf5 4. Nf3 e6 5. Be2 Nd7 6. O-O Bg6 7. Nbd2 Nh6 8.
Nb3 Nf5 9. a4 a5 10. c4 dxc4 11. Bxc4 Be7 12. Nbd2 Nb6 13. Bb3 Nxd4 14. Nxd4
Qxd4 15. Re1 O-O 16. Bc2 Bxc2 17. Qxc2 Rfd8 18. Qb3 Bb4 19. Nf3 Qc4 20. Qxc4
Nxc4 21. Rf1 Rd5 22. b3 Nxe5 23. Bb2 Nxf3+ 24. gxf3 Rad8 25. Rac1 Rd3 26.
Rc4 Rxb3 27. Be5 Rxf3 28. Rg4 f6 29. Kg2 Rf5 30. Bc7 Rd7 31. Bb6 Rfd5 32.
Re4 Kf7 33. f4 Rd1 34. Rf3 R7d3 35. Be3 Ra3 36. f5 e5 37. h4 Rdd3 38. Kg3
Bd2 39. Kg4 Rxe3 40. Rfxe3 Rxe3 41. Kh5 g6+ {White resigns} 0-1

[Event "ICC tourney 2743 (40 10)"]
[Site "Internet Chess Club"]
[Date "2021.11.20"]
[Round "4"]
[White "Fawzy, Adham:domti"]
[Black "VAKHIDOV, JAKHONGIR:TjkTiger"]
[Result "0-1"]
[ICCResult "White resigns"]
[WhiteElo "2542"]
[BlackElo "2607"]
[Opening "English: symmetrical, Botvinnik system"]
[ECO "B20"]
[NIC "EO.30"]
[Time "17:46:08"]
[PlyCount "50"]
[TimeControl "2400+10"]

1. e4 c5 2. c4 g6 3. Nc3 Bg7 4. g3 Nc6 5. Bg2 Nf6 6. Nge2 O-O 7. O-O Ne8 8.
d3 Nc7 9. Be3 Ne6 10. Qd2 d6 11. Bh6 a6 12. Bxg7 Kxg7 13. f4 f5 14. Rab1 Rb8
15. a3 fxe4 16. Bxe4 Bd7 17. b4 b5 18. cxb5 axb5 19. bxc5 Nxc5 20. Nxb5 Qa5
21. Nec3 Na7 22. Nd4 Na4 23. Nde2 Nb5 24. Rb4 Nbxc3 25. Nxc3 Qc5+
{White resigns}
0-1